Workbook
Name Quality_Control: 'DragonOffice Supplies'!$P$3569:$Q$3573

Sheet Pivot breakdown
A3: Row Labels | B3: Sum of Profit
A4: Dyfed | B4: 150673.14
A5: Furniture | B5: 10659.83
A6: Bookcases | B6: 10088.84
A7: Chairs & Chairmats | B7: 2359.14
A8: Office Furnishings | B8: 5794.72 | F8: Row Labels | G8: Sum of Sum of Profit
A9: Tables | B9: -7582.87 | F9: Appliances | G9: 56552.65
A10: Office Supplies | B10: 46976.88 | F10: Binders and Binder Accessories | G10: 113454.36
A11: Appliances | B11: 16868.41 | F11: Bookcases | G11: -14774.29
A12: Binders and Binder Accessories | B12: 26816.47 | F12: Chairs & Chairmats | G12: 57658.06
A13: Envelopes | B13: 3074.2 | F13: Computer Peripherals | G13: 37174.92
A14: Labels | B14: 426.57 | F14: Copiers and Fax | G14: 30161.89
A15: Paper | B15: 6534.13 | F15: Dyfed | G15: 150673.14
A16: Pens & Art Supplies | B16: 560.31 | F16: Envelopes | G16: 25312.4
A17: Rubber Bands | B17: 72.55 | F17: Furniture | G17: 81892.2
A18: Scissors, Rulers and Trimmers | B18: -487.55 | F18: Gwent | G18: 295998.13
A19: Storage & Organization | B19: -6888.21 | F19: Labels | G19: 6212.31
A20: Technology | B20: 93036.43 | F20: Office Furnishings | G20: 53934.62
... A34: Envelopes | B34: 15246 | F34: Grand Total | G34: 2168040.6
A35: Labels | B35: 3034.27
A36: Paper | B36: 5406.64
A37: Pens & Art Supplies | B37: 2455.18
A38: Rubber Bands | B38: -71.97
A39: Scissors Rulers and Trimmers | B39: -97.32
A40: Scissors, Rulers and Trimmers | B40: -1034.47
A41: Storage & Organization | B41: 17689.81
A42: Technology | B42: 164234.92
A43: Computer Peripherals | B43: 21479.26
A44: Copiers and Fax | B44: -6587.21
A45: Office Machines | B45: 81229.62
A46: Telephones and Communication | B46: 68113.25
... A89: Grand Total | B89: 722680.2

Sheet Prediction using line equation
A3: Row Labels | B3: Sum of Sales | C3: Sum of Profit
A4: Corporate | B4: 2553143 | C4: 284169.77 | D4: =GETPIVOTDATA("Sum of Profit",$A$3,"Customer Segment","Corporate")/GETPIVOTDATA("Sum of Profit",$A$3) -> 0.71785478
A5: Small Business | B5: 1011036.2 | C5: 111689.92 | D5: =GETPIVOTDATA("Sum of Profit",$A$3,"Customer Segment","Small Business")/GETPIVOTDATA("Sum of Profit",$A$3) -> 0.28214522
A6: Grand Total | B6: 3564179.1 | C6: 395859.69

Sheet DragonOffice Supplies
A1: Order ID | B1: Returns | C1: Order Date | D1: Order Priority | E1: Order Quantity | F1: Sales | G1: Discount | H1: Ship Mode | I1: Profit | J1: Unit Price | K1: Shipping Cost | L1: Customer Name | M1: Region | N1: Customer Segment | O1: Product Category | P1: Product Sub-Category | Q1: Product Container | R1: Ship Date | S1: % Sales | T1: Return status | U1: Quality Impact | V1: Q18 | W1: Dayspast | X1: Number Checked
A2: 32 | B2: N | C2: 41835 | D2: High | E2: 15 | F2: 140.56 | G2: 0.04 | H2: Regular | I2: -128.38 | J2: 8.46 | K2: 8.99 | L2: Liz Pelletier | M2: Gwent | N2: Corporate | O2: Technology | P2: Computer Peripherals | Q2: Small Pack | R2: 41836 | S2: =F2/$F$3563 -> 2.2336131e-05 | T2: =IF(B2="Y", "Quality Check","") | U2: =IF(T2="Quality Check",VLOOKUP(S2,Quality_Control,2),"") | V2: {=SUM(IF(B2="Y",IF(D2="Critical",(F2:F3561),0)))} -> 0 | W2: =R2-C2 -> 1 | X2: =IF(T2="",0,1) -> 0
A3: 65 | B3: Y | C3: 41715 | D3: Critical | E3: 32 | F3: 3812.73 | G3: 0.02 | H3: Regular | I3: 1470.3 | J3: 115.79 | K3: 1.99 | L3: Tamara Dahlen | M3: Powys | N3: Corporate | O3: Technology | P3: Computer Peripherals | Q3: Small Pack | R3: 41716 | S3: =F3/$F$3563 -> 0.00060587391 | T3: =IF(B3="Y", "Quality Check","") -> Quality Check | U3: =IF(T3="Quality Check",VLOOKUP(S3,Quality_Control,2),"") -> Medium Impact | V3: {=SUM(IF(B3="Y",IF(D3="Critical",(F3:F3562),0)))} -> 6292802.5 | W3: =R3-C3 -> 1 | X3: =IF(T3="",0,1) -> 1
A4: 69 | B4: N | C4: 42524 | D4: Not Specified | E4: 28 | F4: 51.53 | G4: 0.03 | H4: Express | I4: 0.35 | J4: 1.68 | K4: 0.7 | L4: Jonathan Doherty | M4: Gwent | N4: Corporate | O4: Office Supplies | P4: Pens & Art Supplies | Q4: Wrap Bag | R4: 42526 | S4: =F4/$F$3563 -> 8.1885375e-06 | U4: =IF(T4="Quality Check",VLOOKUP(S4,Quality_Control,2),"") | V4: {=SUM(IF(B4="Y",IF(D4="Critical",(F4:F3563),0)))} -> 0 | W4: =R4-C4 -> 2 | X4: =IF(T4="",0,1) -> 0
A5: 69 | B5: Y | C5: 42524 | D5: Not Specified | E5: 42 | F5: 1186.06 | G5: 0.09 | H5: Regular | I5: 511.69 | J5: 30.93 | K5: 3.92 | L5: Jonathan Doherty | M5: Gwent | N5: Corporate | O5: Furniture | P5: Office Furnishings | Q5: Small Pack | R5: 42526 | S5: =F5/$F$3563 -> 0.00018847461 | U5: =IF(T5="Quality Check",VLOOKUP(S5,Quality_Control,2),"") | V5: {=SUM(IF(B5="Y",IF(D5="Critical",(F5:F3564),0)))} -> 0 | W5: =R5-C5 -> 2 | X5: =IF(T5="",0,1) -> 0
A6: 96 | B6: N | C6: 42476 | D6: High | E6: 37 | F6: 4158.1235 | G6: 0.01 | H6: Regular | I6: 1228.89 | J6: 125.99 | K6: 8.99 | L6: Keith Dawkins | M6: Gwent | N6: Home Office | O6: Technology | P6: Telephones and Communication | Q6: Small Box | R6: 42478 | S6: =F6/$F$3563 -> 0.00066075975 | U6: =IF(T6="Quality Check",VLOOKUP(S6,Quality_Control,2),"") | V6: {=SUM(IF(B6="Y",IF(D6="Critical",(F6:F3565),0)))} -> 0 | W6: =R6-C6 -> 2 | X6: =IF(T6="",0,1) -> 0
A7: 23361 | B7: N | C7: 41458 | D7: Critical | E7: 2 | F7: 3.23 | G7: 0.06 | H7: Regular | I7: -2.73 | J7: 1.26 | K7: 0.7 | L7: Benjamin Patterson | M7: Gwent | N7: Corporate | O7: Office Supplies | P7: Rubber Bands | Q7: Wrap Bag | R7: 41459 | S7: =F7/$F$3563 -> 5.1327336e-07 | U7: =IF(T7="Quality Check",VLOOKUP(S7,Quality_Control,2),"") | V7: {=SUM(IF(B7="Y",IF(D7="Critical",(F7:F3566),0)))} -> 0 | W7: =R7-C7 -> 1 | X7: =IF(T7="",0,1) -> 0
A8: 129 | B8: N | C8: 42326 | D8: Low | E8: 4 | F8: 32.72 | G8: 0.09 | H8: Regular | I8: -22.59 | J8: 6.48 | K8: 8.19 | L8: Pauline Chand | M8: Powys | N8: Corporate | O8: Office Supplies | P8: Paper | Q8: Small Box | R8: 42335 | S8: =F8/$F$3563 -> 5.199475e-06 | U8: =IF(T8="Quality Check",VLOOKUP(S8,Quality_Control,2),"") | V8: {=SUM(IF(B8="Y",IF(D8="Critical",(F8:F3567),0)))} -> 0 | W8: =R8-C8 -> 9 | X8: =IF(T8="",0,1) -> 0
A9: 130 | B9: N | C9: 42131 | D9: High | E9: 3 | F9: 461.89 | G9: 0.05 | H9: Express | I9: -309.82 | J9: 150.98 | K9: 13.99 | L9: Roy Collins | M9: Gwent | N9: Corporate | O9: Technology | P9: Office Machines | Q9: Medium Box | R9: 42133 | S9: =F9/$F$3563 -> 7.339809e-05 | U9: =IF(T9="Quality Check",VLOOKUP(S9,Quality_Control,2),"") | V9: {=SUM(IF(B9="Y",IF(D9="Critical",(F9:F3568),0)))} -> 0 | W9: =R9-C9 -> 2 | X9: =IF(T9="",0,1) -> 0
A10: 130 | B10: N | C10: 42131 | D10: High | E10: 29 | F10: 575.11 | G10: 0.02 | H10: Regular | I10: 71.75 | J10: 18.97 | K10: 9.03 | L10: Roy Collins | M10: Gwent | N10: Corporate | O10: Office Supplies | P10: Paper | Q10: Small Box | R10: 42132 | S10: =F10/$F$3563 -> 9.1389672e-05 | U10: =IF(T10="Quality Check",VLOOKUP(S10,Quality_Control,2),"") | V10: {=SUM(IF(B10="Y",IF(D10="Critical",(F10:F3569),0)))} -> 0 | W10: =R10-C10 -> 1 | X10: =IF(T10="",0,1) -> 0
A11: 130 | B11: N | C11: 42131 | D11: High | E11: 23 | F11: 236.46 | G11: 0.05 | H11: Regular | I11: -134.31 | J11: 9.71 | K11: 9.45 | L11: Roy Collins | M11: Gwent | N11: Corporate | O11: Office Supplies | P11: Storage & Organization | Q11: Small Box | R11: 42134 | S11: =F11/$F$3563 -> 3.7575423e-05 | U11: =IF(T11="Quality Check",VLOOKUP(S11,Quality_Control,2),"") | V11: {=SUM(IF(B11="Y",IF(D11="Critical",(F11:F3570),0)))} -> 0 | W11: =R11-C11 -> 3 | X11: =IF(T11="",0,1) -> 0
A12: 16545 | B12: N | C12: 41403 | D12: Not Specified | E12: 1 | F12: 4.99 | G12: 0.04 | H12: Regular | I12: -3.06 | J12: 3.68 | K12: 1.32 | L12: Carlos Soltero | M12: South Glamorgan | N12: Small Business | O12: Office Supplies | P12: Scissors, Rulers and Trimmers | Q12: Wrap Bag | R12: 41405 | S12: =F12/$F$3563 -> 7.9295172e-07 | U12: =IF(T12="Quality Check",VLOOKUP(S12,Quality_Control,2),"") | V12: {=SUM(IF(B12="Y",IF(D12="Critical",(F12:F3571),0)))} -> 0 | W12: =R12-C12 -> 2 | X12: =IF(T12="",0,1) -> 0
A13: 134 | B13: Y | C13: 42124 | D13: Not Specified | E13: 11 | F13: 1132.6 | G13: 0.01 | H13: Regular | I13: -310.21 | J13: 95.99 | K13: 35 | L13: Michael Dominguez | M13: Powys | N13: Home Office | O13: Office Supplies | P13: Storage & Organization | Q13: Large Box | R13: 42126 | S13: =F13/$F$3563 -> 0.00017997938 | U13: =IF(T13="Quality Check",VLOOKUP(S13,Quality_Control,2),"") | V13: {=SUM(IF(B13="Y",IF(D13="Critical",(F13:F3572),0)))} -> 0 | W13: =R13-C13 -> 2 | X13: =IF(T13="",0,1) -> 0
A14: 166 | B14: N | C14: 41893 | D14: High | E14: 10 | F14: 567.936 | G14: 0.02 | H14: Express | I14: -126.09 | J14: 65.99 | K14: 8.99 | L14: Valerie Jones | M14: Gwent | N14: Consumer | O14: Technology | P14: Telephones and Communication | Q14: Small Box | R14: 41895 | S14: =F14/$F$3563 -> 9.0249665e-05 | U14: =IF(T14="Quality Check",VLOOKUP(S14,Quality_Control,2),"") | V14: {=SUM(IF(B14="Y",IF(D14="Critical",(F14:F3573),0)))} -> 0 | W14: =R14-C14 -> 2 | X14: =IF(T14="",0,1) -> 0
A15: 14117 | B15: N | C15: 41511 | D15: Not Specified | E15: 4 | F15: 5.31 | G15: 0 | H15: Regular | I15: -1.5 | J15: 1.14 | K15: 0.7 | L15: Nathan Mautz | M15: Dyfed | N15: Corporate | O15: Office Supplies | P15: Rubber Bands | Q15: Wrap Bag | R15: 41513 | S15: =F15/$F$3563 -> 8.4380233e-07 | U15: =IF(T15="Quality Check",VLOOKUP(S15,Quality_Control,2),"") | V15: {=SUM(IF(B15="Y",IF(D15="Critical",(F15:F3574),0)))} -> 0 | W15: =R15-C15 -> 2 | X15: =IF(T15="",0,1) -> 0
... A22: 34849 | B22: N | C22: 41559 | D22: Critical | E22: 3 | F22: 11.76 | G22: 0.1 | H22: Regular | I22: -2.83 | J22: 4.13 | K22: 0.5 | L22: Lycoris Saunders | M22: Gwent | N22: Home Office | O22: Office Supplies | P22: Labels | Q22: Small Box | R22: 41561 | S22: =F22/$F$3563 -> 1.86876e-06 | U22: =IF(T22="Quality Check",VLOOKUP(S22,Quality_Control,2),"") | V22: {=SUM(IF(B22="Y",IF(D22="Critical",(F22:F3581),0)))} -> 0 | W22: =R22-C22 -> 2 | X22: =IF(T22="",0,1) -> 0
A23: 5061 | B23: Y | C23: 41499 | D23: Critical | E23: 4 | F23: 12.8 | G23: 0 | H23: Regular | I23: -2.21 | J23: 2.88 | K23: 0.7 | L23: Sean Wendt | M23: Dyfed | N23: Corporate | O23: Office Supplies | P23: Pens & Art Supplies | Q23: Wrap Bag | R23: 41501 | S23: =F23/$F$3563 -> 2.0340244e-06 | T23: =IF(B23="Y", "Quality Check","") -> Quality Check | U23: =IF(T23="Quality Check",VLOOKUP(S23,Quality_Control,2),"") -> Low Impact | V23: {=SUM(IF(B23="Y",IF(D23="Critical",(F23:F3582),0)))} -> 12572202 | W23: =R23-C23 -> 2 | X23: =IF(T23="",0,1) -> 1
A24: 231 | B24: N | C24: 42641 | D24: High | E24: 2 | F24: 689.74 | G24: 0.06 | H24: Regular | I24: -490.84 | J24: 363.25 | K24: 19.99 | L24: Sean Braxton | M24: Gwent | N24: Small Business | O24: Office Supplies | P24: Appliances | Q24: Small Box | R24: 42643 | S24: =F24/$F$3563 -> 0.00010960531 | U24: =IF(T24="Quality Check",VLOOKUP(S24,Quality_Control,2),"") | V24: {=SUM(IF(B24="Y",IF(D24="Critical",(F24:F3583),0)))} -> 0 | W24: =R24-C24 -> 2 | X24: =IF(T24="",0,1) -> 0
A25: 24196 | B25: N | C25: 41485 | D25: High | E25: 2 | F25: 13.44 | G25: 0.08 | H25: Regular | I25: -8.88 | J25: 4.28 | K25: 5.17 | L25: Nat Carroll | M25: Powys | N25: Home Office | O25: Office Supplies | P25: Paper | Q25: Small Box | R25: 41486 | S25: =F25/$F$3563 -> 2.1357257e-06 | U25: =IF(T25="Quality Check",VLOOKUP(S25,Quality_Control,2),"") | V25: {=SUM(IF(B25="Y",IF(D25="Critical",(F25:F3584),0)))} -> 0 | W25: =R25-C25 -> 1 | X25: =IF(T25="",0,1) -> 0
A26: 31330 | B26: N | C26: 41426 | D26: High | E26: 2 | F26: 13.5 | G26: 0.04 | H26: Regular | I26: -7.9 | J26: 5.98 | K26: 1.67 | L26: Paul Stevenson | M26: Gwent | N26: Corporate | O26: Office Supplies | P26: Pens & Art Supplies | Q26: Wrap Bag | R26: 41427 | S26: =F26/$F$3563 -> 2.1452602e-06 | U26: =IF(T26="Quality Check",VLOOKUP(S26,Quality_Control,2),"") | V26: {=SUM(IF(B26="Y",IF(D26="Critical",(F26:F3585),0)))} -> 0 | W26: =R26-C26 -> 1 | X26: =IF(T26="",0,1) -> 0
A27: 263 | B27: N | C27: 42506 | D27: High | E27: 25 | F27: 136.77 | G27: 0.09 | H27: Regular | I27: -136.25 | J27: 5.4 | K27: 7.78 | L27: Paul Lucas | M27: Gwent | N27: Corporate | O27: Office Supplies | P27: Binders and Binder Accessories | Q27: Small Box | R27: 42507 | S27: =F27/$F$3563 -> 2.1733869e-05 | U27: =IF(T27="Quality Check",VLOOKUP(S27,Quality_Control,2),"") | V27: {=SUM(IF(B27="Y",IF(D27="Critical",(F27:F3586),0)))} -> 0 | W27: =R27-C27 -> 1 | X27: =IF(T27="",0,1) -> 0
A28: 292 | B28: N | C28: 42015 | D28: High | E28: 43 | F28: 412.62 | G28: 0.08 | H28: Regular | I28: 175.54 | J28: 9.9 | K28: 1.39 | L28: Valerie Jones | M28: Gwent | N28: Consumer | O28: Office Supplies | P28: Envelopes | Q28: Small Box | R28: 42016 | S28: =F28/$F$3563 -> 6.5568685e-05 | U28: =IF(T28="Quality Check",VLOOKUP(S28,Quality_Control,2),"") | V28: {=SUM(IF(B28="Y",IF(D28="Critical",(F28:F3587),0)))} -> 0 | W28: =R28-C28 -> 1 | X28: =IF(T28="",0,1) -> 0
A29: 323 | B29: N | C29: 42454 | D29: Critical | E29: 20 | F29: 108.09 | G29: 0.07 | H29: Regular | I29: 25.76 | J29: 5.68 | K29: 1.39 | L29: Dario Medina | M29: Gwent | N29: Small Business | O29: Office Supplies | P29: Envelopes | Q29: Small Box | R29: 42456 | S29: =F29/$F$3563 -> 1.7176383e-05 | U29: =IF(T29="Quality Check",VLOOKUP(S29,Quality_Control,2),"") | V29: {=SUM(IF(B29="Y",IF(D29="Critical",(F29:F3588),0)))} -> 0 | W29: =R29-C29 -> 2 | X29: =IF(T29="",0,1) -> 0
A30: 323 | B30: N | C30: 42454 | D30: Critical | E30: 2 | F30: 55.34 | G30: 0.06 | H30: Regular | I30: -31.24 | J30: 22.84 | K30: 11.54 | L30: Dario Medina | M30: Gwent | N30: Small Business | O30: Office Supplies | P30: Paper | Q30: Small Box | R30: 42456 | S30: =F30/$F$3563 -> 8.7939776e-06 | U30: =IF(T30="Quality Check",VLOOKUP(S30,Quality_Control,2),"") | V30: {=SUM(IF(B30="Y",IF(D30="Critical",(F30:F3589),0)))} -> 0 | W30: =R30-C30 -> 2 | X30: =IF(T30="",0,1) -> 0
A31: 324 | B31: Y | C31: 42082 | D31: Critical | E31: 25 | F31: 3872.634 | G31: 0.02 | H31: Regular | I31: 667.33 | J31: 179.99 | K31: 13.99 | L31: Frank Gastineau | M31: Gwent | N31: Small Business | O31: Technology | P31: Telephones and Communication | Q31: Medium Box | R31: 42084 | S31: =F31/$F$3563 -> 0.00061539314 | T31: =IF(B31="Y", "Quality Check","") -> Quality Check | U31: =IF(T31="Quality Check",VLOOKUP(S31,Quality_Control,2),"") -> Medium Impact | V31: {=SUM(IF(B31="Y",IF(D31="Critical",(F31:F3590),0)))} -> 12570760 | W31: =R31-C31 -> 2 | X31: =IF(T31="",0,1) -> 1
A32: 30372 | B32: N | C32: 41516 | D32: High | E32: 1 | F32: 14.4 | G32: 0.1 | H32: Regular | I32: -7.39 | J32: 12.22 | K32: 2.85 | L32: Christopher Schild | M32: Dyfed | N32: Corporate | O32: Furniture | P32: Office Furnishings | Q32: Small Pack | R32: 41518 | S32: =F32/$F$3563 -> 2.2882775e-06 | U32: =IF(T32="Quality Check",VLOOKUP(S32,Quality_Control,2),"") | V32: {=SUM(IF(B32="Y",IF(D32="Critical",(F32:F3591),0)))} -> 0 | W32: =R32-C32 -> 2 | X32: =IF(T32="",0,1) -> 0
A33: 24097 | B33: N | C33: 41490 | D33: High | E33: 2 | F33: 15.31 | G33: 0.01 | H33: Regular | I33: -8.15 | J33: 4.98 | K33: 4.86 | L33: Anthony Johnson | M33: South Glamorgan | N33: Small Business | O33: Office Supplies | P33: Paper | Q33: Small Box | R33: 41492 | S33: =F33/$F$3563 -> 2.4328839e-06 | U33: =IF(T33="Quality Check",VLOOKUP(S33,Quality_Control,2),"") | V33: {=SUM(IF(B33="Y",IF(D33="Critical",(F33:F3592),0)))} -> 0 | W33: =R33-C33 -> 2 | X33: =IF(T33="",0,1) -> 0
A34: 355 | B34: N | C34: 42534 | D34: Low | E34: 16 | F34: 1239.6315 | G34: 0 | H34: Regular | I34: -172.55 | J34: 85.99 | K34: 0.99 | L34: Henry MacAllister | M34: Powys | N34: Small Business | O34: Technology | P34: Telephones and Communication | Q34: Wrap Bag | R34: 42539 | S34: =F34/$F$3563 -> 0.00019698756 | U34: =IF(T34="Quality Check",VLOOKUP(S34,Quality_Control,2),"") | V34: {=SUM(IF(B34="Y",IF(D34="Critical",(F34:F3593),0)))} -> 0 | W34: =R34-C34 -> 5 | X34: =IF(T34="",0,1) -> 0
A35: 388 | B35: N | C35: 42353 | D35: Not Specified | E35: 46 | F35: 517.93 | G35: 0.06 | H35: Regular | I35: -94.73 | J35: 11.7 | K35: 6.96 | L35: Jennifer Halladay | M35: Powys | N35: Home Office | O35: Office Supplies | P35: Appliances | Q35: Medium Box | R35: 42356 | S35: =F35/$F$3563 -> 8.2303303e-05 | U35: =IF(T35="Quality Check",VLOOKUP(S35,Quality_Control,2),"") | V35: {=SUM(IF(B35="Y",IF(D35="Critical",(F35:F3594),0)))} -> 0 | W35: =R35-C35 -> 3 | X35: =IF(T35="",0,1) -> 0
A36: 417 | B36: N | C36: 42406 | D36: Medium | E36: 39 | F36: 15260.78 | G36: 0.07 | H36: Delivery Van | I36: 8734.88 | J36: 500.98 | K36: 28.14 | L36: Robert Barroso | M36: Gwent | N36: Small Business | O36: Technology | P36: Office Machines | Q36: Jumbo Drum | R36: 42407 | S36: =F36/$F$3563 -> 0.0024250625 | U36: =IF(T36="Quality Check",VLOOKUP(S36,Quality_Control,2),"") | V36: {=SUM(IF(B36="Y",IF(D36="Critical",(F36:F3595),0)))} -> 0 | W36: =R36-C36 -> 1 | X36: =IF(T36="",0,1) -> 0
A37: 417 | B37: N | C37: 42406 | D37: Medium | E37: 3 | F37: 540.41 | G37: 0.1 | H37: Regular | I37: -170.98 | J37: 178.47 | K37: 19.99 | L37: Robert Barroso | M37: Gwent | N37: Small Business | O37: Office Supplies | P37: Storage & Organization | Q37: Small Box | R37: 42408 | S37: =F37/$F$3563 -> 8.5875559e-05 | U37: =IF(T37="Quality Check",VLOOKUP(S37,Quality_Control,2),"") | V37: {=SUM(IF(B37="Y",IF(D37="Critical",(F37:F3596),0)))} -> 0 | W37: =R37-C37 -> 2 | X37: =IF(T37="",0,1) -> 0
A38: 448 | B38: N | C38: 41871 | D38: Medium | E38: 22 | F38: 1162.4005 | G38: 0.09 | H38: Regular | I38: -284.63 | J38: 65.99 | K38: 19.99 | L38: Brad Thomas | M38: Gwent | N38: Corporate | O38: Technology | P38: Telephones and Communication | Q38: Small Box | R38: 41873 | S38: =F38/$F$3563 -> 0.00018471492 | U38: =IF(T38="Quality Check",VLOOKUP(S38,Quality_Control,2),"") | V38: {=SUM(IF(B38="Y",IF(D38="Critical",(F38:F3597),0)))} -> 0 | W38: =R38-C38 -> 2 | X38: =IF(T38="",0,1) -> 0
A39: 449 | B39: N | C39: 41839 | D39: High | E39: 45 | F39: 356.7 | G39: 0.02 | H39: Regular | I39: -48.97 | J39: 7.38 | K39: 5.21 | L39: Candace McMahon | M39: Powys | N39: Corporate | O39: Furniture | P39: Office Furnishings | Q39: Small Box | R39: 41841 | S39: =F39/$F$3563 -> 5.6682541e-05 | U39: =IF(T39="Quality Check",VLOOKUP(S39,Quality_Control,2),"") | V39: {=SUM(IF(B39="Y",IF(D39="Critical",(F39:F3598),0)))} -> 0 | W39: =R39-C39 -> 2 | X39: =IF(T39="",0,1) -> 0
A40: 487 | B40: N | C40: 42233 | D40: Critical | E40: 19 | F40: 210.4 | G40: 0.07 | H40: Regular | I40: -18.96 | J40: 10.89 | K40: 4.5 | L40: Valerie Dominguez | M40: Gwent | N40: Corporate | O40: Office Supplies | P40: Appliances | Q40: Small Box | R40: 42234 | S40: =F40/$F$3563 -> 3.3434277e-05 | U40: =IF(T40="Quality Check",VLOOKUP(S40,Quality_Control,2),"") | V40: {=SUM(IF(B40="Y",IF(D40="Critical",(F40:F3599),0)))} -> 0 | W40: =R40-C40 -> 1 | X40: =IF(T40="",0,1) -> 0
A41: 512 | B41: N | C41: 41778 | D41: Low | E41: 6 | F41: 1309.53 | G41: 0.06 | H41: Regular | I41: 19.18 | J41: 218.08 | K41: 18.06 | L41: Sam Craven | M41: Gwent | N41: Home Office | O41: Furniture | P41: Chairs & Chairmats | Q41: Large Box | R41: 41778 | S41: =F41/$F$3563 -> 0.000208095 | U41: =IF(T41="Quality Check",VLOOKUP(S41,Quality_Control,2),"") | V41: {=SUM(IF(B41="Y",IF(D41="Critical",(F41:F3600),0)))} -> 0 | W41: =R41-C41 -> 0 | X41: =IF(T41="",0,1) -> 0
A42: 512 | B42: N | C42: 41778 | D42: Low | E42: 48 | F42: 806.37 | G42: 0.01 | H42: Express | I42: -166.4 | J42: 15.42 | K42: 10.68 | L42: Sam Craven | M42: Gwent | N42: Home Office | O42: Office Supplies | P42: Storage & Organization | Q42: Small Box | R42: 41780 | S42: =F42/$F$3563 -> 0.00012813877 | U42: =IF(T42="Quality Check",VLOOKUP(S42,Quality_Control,2),"") | V42: {=SUM(IF(B42="Y",IF(D42="Critical",(F42:F3601),0)))} -> 0 | W42: =R42-C42 -> 2 | X42: =IF(T42="",0,1) -> 0
A43: 548 | B43: N | C43: 42633 | D43: Critical | E43: 41 | F43: 129.49 | G43: 0.04 | H43: Regular | I43: 36.02 | J43: 3.08 | K43: 0.99 | L43: Sung Chung | M43: Gwent | N43: Home Office | O43: Office Supplies | P43: Labels | Q43: Small Box | R43: 42634 | S43: =F43/$F$3563 -> 2.0577018e-05 | U43: =IF(T43="Quality Check",VLOOKUP(S43,Quality_Control,2),"") | V43: {=SUM(IF(B43="Y",IF(D43="Critical",(F43:F3602),0)))} -> 0 | W43: =R43-C43 -> 1 | X43: =IF(T43="",0,1) -> 0
... A60: 8834 | B60: N | C60: 41586 | D60: High | E60: 1 | F60: 16.73 | G60: 0.08 | H60: Regular | I60: -6.96 | J60: 12.64 | K60: 4.98 | L60: Ken Lonsdale | M60: Gwent | N60: Consumer | O60: Furniture | P60: Office Furnishings | Q60: Small Pack | R60: 41587 | S60: =F60/$F$3563 -> 2.6585335e-06 | U60: =IF(T60="Quality Check",VLOOKUP(S60,Quality_Control,2),"") | V60: {=SUM(IF(B60="Y",IF(D60="Critical",(F60:F3619),0)))} -> 0 | W60: =R60-C60 -> 1 | X60: =IF(T60="",0,1) -> 0
A61: 775 | B61: Y | C61: 41715 | D61: Critical | E61: 35 | F61: 43.57 | G61: 0.1 | H61: Regular | I61: -19.17 | J61: 1.26 | K61: 0.7 | L61: Peter McVee | M61: Dyfed | N61: Small Business | O61: Office Supplies | P61: Rubber Bands | Q61: Wrap Bag | R61: 41716 | S61: =F61/$F$3563 -> 6.9236285e-06 | T61: =IF(B61="Y", "Quality Check","") -> Quality Check | U61: =IF(T61="Quality Check",VLOOKUP(S61,Quality_Control,2),"") -> Low Impact | V61: {=SUM(IF(B61="Y",IF(D61="Critical",(F61:F3620),0)))} -> 12538254 | W61: =R61-C61 -> 1 | X61: =IF(T61="",0,1) -> 1
A62: 775 | B62: Y | C62: 41715 | D62: Critical | E62: 8 | F62: 31.87 | G62: 0.1 | H62: Regular | I62: -1.25 | J62: 4.26 | K62: 1.2 | L62: Peter McVee | M62: Dyfed | N62: Small Business | O62: Office Supplies | P62: Pens & Art Supplies | Q62: Wrap Bag | R62: 41717 | S62: =F62/$F$3563 -> 5.0644031e-06 | T62: =IF(B62="Y", "Quality Check","") -> Quality Check | U62: =IF(T62="Quality Check",VLOOKUP(S62,Quality_Control,2),"") -> Low Impact | V62: {=SUM(IF(B62="Y",IF(D62="Critical",(F62:F3621),0)))} -> 12538211 | W62: =R62-C62 -> 2 | X62: =IF(T62="",0,1) -> 1
A63: 801 | B63: N | C63: 42051 | D63: Critical | E63: 20 | F63: 59.85 | G63: 0.03 | H63: Regular | I63: -47.41 | J63: 2.74 | K63: 3.5 | L63: Thais Sissman | M63: Gwent | N63: Corporate | O63: Office Supplies | P63: Pens & Art Supplies | Q63: Small Pack | R63: 42054 | S63: =F63/$F$3563 -> 9.5106534e-06 | U63: =IF(T63="Quality Check",VLOOKUP(S63,Quality_Control,2),"") | V63: {=SUM(IF(B63="Y",IF(D63="Critical",(F63:F3622),0)))} -> 0 | W63: =R63-C63 -> 3 | X63: =IF(T63="",0,1) -> 0
A64: 805 | B64: N | C64: 41824 | D64: Not Specified | E64: 39 | F64: 197.56 | G64: 0.02 | H64: Regular | I64: -119.86 | J64: 4.97 | K64: 5.71 | L64: Toby Swindell | M64: Gwent | N64: Small Business | O64: Furniture | P64: Office Furnishings | Q64: Medium Box | R64: 41826 | S64: =F64/$F$3563 -> 3.1393896e-05 | U64: =IF(T64="Quality Check",VLOOKUP(S64,Quality_Control,2),"") | V64: {=SUM(IF(B64="Y",IF(D64="Critical",(F64:F3623),0)))} -> 0 | W64: =R64-C64 -> 2 | X64: =IF(T64="",0,1) -> 0
A65: 833 | B65: Y | C65: 42413 | D65: Medium | E65: 1 | F65: 19.32 | G65: 0.03 | H65: Regular | I65: -20.32 | J65: 12.53 | K65: 7.17 | L65: Olvera Toch | M65: Powys | N65: Home Office | O65: Office Supplies | P65: Binders and Binder Accessories | Q65: Small Box | R65: 42414 | S65: =F65/$F$3563 -> 3.0701056e-06 | U65: =IF(T65="Quality Check",VLOOKUP(S65,Quality_Control,2),"") | V65: {=SUM(IF(B65="Y",IF(D65="Critical",(F65:F3624),0)))} -> 0 | W65: =R65-C65 -> 1 | X65: =IF(T65="",0,1) -> 0
A66: 835 | B66: N | C66: 41919 | D66: Not Specified | E66: 18 | F66: 125.16 | G66: 0.02 | H66: Regular | I66: -23.48 | J66: 6.48 | K66: 5.14 | L66: Duane Huffman | M66: Powys | N66: Small Business | O66: Office Supplies | P66: Paper | Q66: Small Box | R66: 41920 | S66: =F66/$F$3563 -> 1.9888945e-05 | U66: =IF(T66="Quality Check",VLOOKUP(S66,Quality_Control,2),"") | V66: {=SUM(IF(B66="Y",IF(D66="Critical",(F66:F3625),0)))} -> 0 | W66: =R66-C66 -> 1 | X66: =IF(T66="",0,1) -> 0
A67: 837 | B67: N | C67: 42535 | D67: Not Specified | E67: 11 | F67: 65.7 | G67: 0.01 | H67: Regular | I67: 13.41 | J67: 5.84 | K67: 0.83 | L67: Sean O'Donnell | M67: Powys | N67: Corporate | O67: Office Supplies | P67: Pens & Art Supplies | Q67: Wrap Bag | R67: 42537 | S67: =F67/$F$3563 -> 1.0440266e-05 | U67: =IF(T67="Quality Check",VLOOKUP(S67,Quality_Control,2),"") | V67: {=SUM(IF(B67="Y",IF(D67="Critical",(F67:F3626),0)))} -> 0 | W67: =R67-C67 -> 2 | X67: =IF(T67="",0,1) -> 0
A68: 24097 | B68: N | C68: 41490 | D68: High | E68: 1 | F68: 17.19 | G68: 0 | H68: Regular | I68: -35.34 | J68: 14.48 | K68: 1.99 | L68: Anthony Johnson | M68: South Glamorgan | N68: Small Business | O68: Technology | P68: Computer Peripherals | Q68: Small Pack | R68: 41490 | S68: =F68/$F$3563 -> 2.7316313e-06 | U68: =IF(T68="Quality Check",VLOOKUP(S68,Quality_Control,2),"") | V68: {=SUM(IF(B68="Y",IF(D68="Critical",(F68:F3627),0)))} -> 0 | W68: =R68-C68 -> 0 | X68: =IF(T68="",0,1) -> 0
A69: 871 | B69: N | C69: 41957 | D69: Low | E69: 17 | F69: 104.94 | G69: 0.06 | H69: Regular | I69: -34.97 | J69: 6.24 | K69: 5.22 | L69: David Kendrick | M69: Gwent | N69: Home Office | O69: Furniture | P69: Office Furnishings | Q69: Small Box | R69: 41957 | S69: =F69/$F$3563 -> 1.6675822e-05 | U69: =IF(T69="Quality Check",VLOOKUP(S69,Quality_Control,2),"") | V69: {=SUM(IF(B69="Y",IF(D69="Critical",(F69:F3628),0)))} -> 0 | W69: =R69-C69 -> 0 | X69: =IF(T69="",0,1) -> 0
A70: 4675 | B70: N | C70: 41602 | D70: Not Specified | E70: 4 | F70: 17.89 | G70: 0 | H70: Regular | I70: -1.15 | J70: 3.98 | K70: 0.7 | L70: Rick Wilson | M70: Gwent | N70: Consumer | O70: Office Supplies | P70: Pens & Art Supplies | Q70: Wrap Bag | R70: 41604 | S70: =F70/$F$3563 -> 2.842867e-06 | U70: =IF(T70="Quality Check",VLOOKUP(S70,Quality_Control,2),"") | V70: {=SUM(IF(B70="Y",IF(D70="Critical",(F70:F3629),0)))} -> 0 | W70: =R70-C70 -> 2 | X70: =IF(T70="",0,1) -> 0
A71: 900 | B71: N | C71: 42643 | D71: Not Specified | E71: 29 | F71: 1193.65 | G71: 0.07 | H71: Regular | I71: 507.58 | J71: 40.98 | K71: 2.99 | L71: Karen Carlisle | M71: Dyfed | N71: Home Office | O71: Office Supplies | P71: Binders and Binder Accessories | Q71: Small Box | R71: 42644 | S71: =F71/$F$3563 -> 0.00018968073 | U71: =IF(T71="Quality Check",VLOOKUP(S71,Quality_Control,2),"") | V71: {=SUM(IF(B71="Y",IF(D71="Critical",(F71:F3630),0)))} -> 0 | W71: =R71-C71 -> 1 | X71: =IF(T71="",0,1) -> 0
A72: 902 | B72: Y | C72: 42577 | D72: Not Specified | E72: 10 | F72: 1925.83 | G72: 0.09 | H72: Regular | I72: 359.83 | J72: 207.48 | K72: 0.99 | L72: Meg OConnel | M72: Gwent | N72: Corporate | O72: Office Supplies | P72: Appliances | Q72: Small Box | R72: 42580 | S72: =F72/$F$3563 -> 0.0003060301 | U72: =IF(T72="Quality Check",VLOOKUP(S72,Quality_Control,2),"") | V72: {=SUM(IF(B72="Y",IF(D72="Critical",(F72:F3631),0)))} -> 0 | W72: =R72-C72 -> 3 | X72: =IF(T72="",0,1) -> 0
A73: 929 | B73: N | C73: 42278 | D73: High | E73: 21 | F73: 227.66 | G73: 0.04 | H73: Regular | I73: -100.16 | J73: 10.97 | K73: 6.5 | L73: Luke Foster | M73: Gwent | N73: Corporate | O73: Technology | P73: Computer Peripherals | Q73: Small Box | R73: 42281 | S73: =F73/$F$3563 -> 3.6177032e-05 | U73: =IF(T73="Quality Check",VLOOKUP(S73,Quality_Control,2),"") | V73: {=SUM(IF(B73="Y",IF(D73="Critical",(F73:F3632),0)))} -> 0 | W73: =R73-C73 -> 3 | X73: =IF(T73="",0,1) -> 0
A74: 929 | B74: N | C74: 42278 | D74: High | E74: 39 | F74: 84.33 | G74: 0.04 | H74: Regular | I74: -64.29 | J74: 2.08 | K74: 2.56 | L74: Luke Foster | M74: Gwent | N74: Corporate | O74: Office Supplies | P74: Scissors, Rulers and Trimmers | Q74: Small Pack | R74: 42280 | S74: =F74/$F$3563 -> 1.3400725e-05 | U74: =IF(T74="Quality Check",VLOOKUP(S74,Quality_Control,2),"") | V74: {=SUM(IF(B74="Y",IF(D74="Critical",(F74:F3633),0)))} -> 0 | W74: =R74-C74 -> 2 | X74: =IF(T74="",0,1) -> 0
... A89: 22661 | B89: Y | C89: 41543 | D89: Not Specified | E89: 11 | F89: 18.26 | G89: 0.05 | H89: Regular | I89: -3.89 | J89: 1.68 | K89: 0.7 | L89: Dianna Vittorini | M89: Gwent | N89: Corporate | O89: Office Supplies | P89: Pens & Art Supplies | Q89: Wrap Bag | R89: 41546 | S89: =F89/$F$3563 -> 2.901663e-06 | U89: =IF(T89="Quality Check",VLOOKUP(S89,Quality_Control,2),"") | V89: {=SUM(IF(B89="Y",IF(D89="Critical",(F89:F3648),0)))} -> 0 | W89: =R89-C89 -> 3 | X89: =IF(T89="",0,1) -> 0
A90: 1285 | B90: Y | C90: 42155 | D90: Critical | E90: 27 | F90: 3874.12 | G90: 0 | H90: Delivery Van | I90: -305.98 | J90: 130.98 | K90: 54.74 | L90: Sally Matthias | M90: Dyfed | N90: Corporate | O90: Furniture | P90: Bookcases | Q90: Jumbo Box | R90: 42155 | S90: =F90/$F$3563 -> 0.00061562928 | T90: =IF(B90="Y", "Quality Check","") -> Quality Check | U90: =IF(T90="Quality Check",VLOOKUP(S90,Quality_Control,2),"") -> Medium Impact | V90: {=SUM(IF(B90="Y",IF(D90="Critical",(F90:F3649),0)))} -> 12517522 | W90: =R90-C90 -> 0 | X90: =IF(T90="",0,1) -> 1
A91: 1285 | B91: Y | C91: 42155 | D91: Critical | E91: 8 | F91: 1452.216 | G91: 0.05 | H91: Delivery Van | I91: -277.29 | J91: 218.75 | K91: 69.64 | L91: Sally Matthias | M91: Dyfed | N91: Corporate | O91: Furniture | P91: Tables | Q91: Jumbo Box | R91: 42156 | S91: =F91/$F$3563 -> 0.00023076897 | T91: =IF(B91="Y", "Quality Check","") -> Quality Check | U91: =IF(T91="Quality Check",VLOOKUP(S91,Quality_Control,2),"") -> Low Impact | V91: {=SUM(IF(B91="Y",IF(D91="Critical",(F91:F3650),0)))} -> 12513648 | W91: =R91-C91 -> 1 | X91: =IF(T91="",0,1) -> 1
A92: 1287 | B92: N | C92: 42555 | D92: High | E92: 39 | F92: 3908.65 | G92: 0.06 | H92: Regular | I92: 480.57 | J92: 105.29 | K92: 10.12 | L92: Mitch Willingham | M92: Gwent | N92: Corporate | O92: Furniture | P92: Office Furnishings | Q92: Large Box | R92: 42557 | S92: =F92/$F$3563 -> 0.00062111638 | U92: =IF(T92="Quality Check",VLOOKUP(S92,Quality_Control,2),"") | V92: {=SUM(IF(B92="Y",IF(D92="Critical",(F92:F3651),0)))} -> 0 | W92: =R92-C92 -> 2 | X92: =IF(T92="",0,1) -> 0
A93: 1313 | B93: N | C93: 42625 | D93: Critical | E93: 34 | F93: 840.07 | G93: 0 | H93: Regular | I93: -83.75 | J93: 22.84 | K93: 16.92 | L93: Sally Matthias | M93: Dyfed | N93: Home Office | O93: Office Supplies | P93: Paper | Q93: Small Box | R93: 42627 | S93: =F93/$F$3563 -> 0.00013349398 | U93: =IF(T93="Quality Check",VLOOKUP(S93,Quality_Control,2),"") | V93: {=SUM(IF(B93="Y",IF(D93="Critical",(F93:F3652),0)))} -> 0 | W93: =R93-C93 -> 2 | X93: =IF(T93="",0,1) -> 0
A94: 1317 | B94: Y | C94: 41777 | D94: High | E94: 44 | F94: 523.42 | G94: 0.06 | H94: Regular | I94: 39.42 | J94: 11.7 | K94: 5.63 | L94: Janet Lee | M94: Gwent | N94: Consumer | O94: Office Supplies | P94: Binders and Binder Accessories | Q94: Small Box | R94: 41779 | S94: =F94/$F$3563 -> 8.3175709e-05 | U94: =IF(T94="Quality Check",VLOOKUP(S94,Quality_Control,2),"") | V94: {=SUM(IF(B94="Y",IF(D94="Critical",(F94:F3653),0)))} -> 0 | W94: =R94-C94 -> 2 | X94: =IF(T94="",0,1) -> 0
A95: 1317 | B95: Y | C95: 41777 | D95: High | E95: 40 | F95: 192.54 | G95: 0.08 | H95: Regular | I95: -186.73 | J95: 4.98 | K95: 7.44 | L95: Janet Lee | M95: Gwent | N95: Consumer | O95: Office Supplies | P95: Paper | Q95: Small Box | R95: 41778 | S95: =F95/$F$3563 -> 3.0596177e-05 | U95: =IF(T95="Quality Check",VLOOKUP(S95,Quality_Control,2),"") | V95: {=SUM(IF(B95="Y",IF(D95="Critical",(F95:F3654),0)))} -> 0 | W95: =R95-C95 -> 1 | X95: =IF(T95="",0,1) -> 0
A96: 1317 | B96: Y | C96: 41777 | D96: High | E96: 29 | F96: 156.7 | G96: 0.06 | H96: Regular | I96: -76.64 | J96: 5.28 | K96: 5.57 | L96: Janet Lee | M96: Gwent | N96: Consumer | O96: Office Supplies | P96: Paper | Q96: Small Box | R96: 41779 | S96: =F96/$F$3563 -> 2.4900909e-05 | U96: =IF(T96="Quality Check",VLOOKUP(S96,Quality_Control,2),"") | V96: {=SUM(IF(B96="Y",IF(D96="Critical",(F96:F3655),0)))} -> 0 | W96: =R96-C96 -> 2 | X96: =IF(T96="",0,1) -> 0
A97: 1345 | B97: N | C97: 42304 | D97: Low | E97: 24 | F97: 2443.85 | G97: 0.08 | H97: Delivery Van | I97: -120.85 | J97: 100.98 | K97: 35.84 | L97: Ritsa Hightower | M97: Powys | N97: Corporate | O97: Furniture | P97: Bookcases | Q97: Jumbo Box | R97: 42308 | S97: =F97/$F$3563 -> 0.00038834771 | U97: =IF(T97="Quality Check",VLOOKUP(S97,Quality_Control,2),"") | V97: {=SUM(IF(B97="Y",IF(D97="Critical",(F97:F3656),0)))} -> 0 | W97: =R97-C97 -> 4 | X97: =IF(T97="",0,1) -> 0
A98: 1346 | B98: N | C98: 42172 | D98: High | E98: 48 | F98: 4789.89 | G98: 0.09 | H98: Delivery Van | I98: 421.15 | J98: 100.98 | K98: 26.22 | L98: Theone Pippenger | M98: Dyfed | N98: Corporate | O98: Furniture | P98: Bookcases | Q98: Jumbo Box | R98: 42174 | S98: =F98/$F$3563 -> 0.00076115261 | U98: =IF(T98="Quality Check",VLOOKUP(S98,Quality_Control,2),"") | V98: {=SUM(IF(B98="Y",IF(D98="Critical",(F98:F3657),0)))} -> 0 | W98: =R98-C98 -> 2 | X98: =IF(T98="",0,1) -> 0
A99: 22117 | B99: N | C99: 41498 | D99: Critical | E99: 5 | F99: 19.17 | G99: 0.1 | H99: Regular | I99: -16.42 | J99: 3.28 | K99: 3.97 | L99: Rick Hansen | M99: Gwent | N99: Home Office | O99: Office Supplies | P99: Pens & Art Supplies | Q99: Wrap Bag | R99: 41501 | S99: =F99/$F$3563 -> 3.0462694e-06 | U99: =IF(T99="Quality Check",VLOOKUP(S99,Quality_Control,2),"") | V99: {=SUM(IF(B99="Y",IF(D99="Critical",(F99:F3658),0)))} -> 0 | W99: =R99-C99 -> 3 | X99: =IF(T99="",0,1) -> 0
A100: 12261 | B100: N | C100: 41570 | D100: Low | E100: 4 | F100: 20.59 | G100: 0.02 | H100: Express | I100: 1.19 | J100: 3.98 | K100: 0.83 | L100: Ritsa Hightower | M100: Powys | N100: Corporate | O100: Office Supplies | P100: Pens & Art Supplies | Q100: Wrap Bag | R100: 41574 | S100: =F100/$F$3563 -> 3.271919e-06 | U100: =IF(T100="Quality Check",VLOOKUP(S100,Quality_Control,2),"") | V100: {=SUM(IF(B100="Y",IF(D100="Critical",(F100:F3659),0)))} -> 0 | W100: =R100-C100 -> 4 | X100: =IF(T100="",0,1) -> 0
A101: 24710 | B101: N | C101: 41547 | D101: Low | E101: 3 | F101: 22.06 | G101: 0.05 | H101: Regular | I101: -15.6 | J101: 4.98 | K101: 7.44 | L101: Jonathan Howell | M101: Powys | N101: Consumer | O101: Office Supplies | P101: Paper | Q101: Small Box | R101: 41551 | S101: =F101/$F$3563 -> 3.505514e-06 | U101: =IF(T101="Quality Check",VLOOKUP(S101,Quality_Control,2),"") | V101: {=SUM(IF(B101="Y",IF(D101="Critical",(F101:F3660),0)))} -> 0 | W101: =R101-C101 -> 4 | X101: =IF(T101="",0,1) -> 0
A102: 1411 | B102: N | C102: 42724 | D102: High | E102: 39 | F102: 5748.2 | G102: 0.09 | H102: Delivery Van | I102: -459.86 | J102: 160.98 | K102: 35.02 | L102: Ed Jacobs | M102: Dyfed | N102: Small Business | O102: Furniture | P102: Bookcases | Q102: Jumbo Box | R102: 42725 | S102: =F102/$F$3563 -> 0.00091343588 | U102: =IF(T102="Quality Check",VLOOKUP(S102,Quality_Control,2),"") | V102: {=SUM(IF(B102="Y",IF(D102="Critical",(F102:F3661),0)))} -> 0 | W102: =R102-C102 -> 1 | X102: =IF(T102="",0,1) -> 0
A103: 1411 | B103: N | C103: 42724 | D103: High | E103: 47 | F103: 6717.9325 | G103: 0.09 | H103: Regular | I103: 1717.89 | J103: 175.99 | K103: 4.99 | L103: Ed Jacobs | M103: Gwent | N103: Small Business | O103: Technology | P103: Telephones and Communication | Q103: Small Box | R103: 42726 | S103: =F103/$F$3563 -> 0.0010675343 | U103: =IF(T103="Quality Check",VLOOKUP(S103,Quality_Control,2),"") | V103: {=SUM(IF(B103="Y",IF(D103="Critical",(F103:F3662),0)))} -> 0 | W103: =R103-C103 -> 2 | X103: =IF(T103="",0,1) -> 0
... A170: 22501 | B170: N | C170: 41412 | D170: High | E170: 2 | F170: 30.83 | G170: 0.04 | H170: Express | I170: 7.27 | J170: 7.64 | K170: 1.39 | L170: Alan Barnes | M170: South Glamorgan | N170: Corporate | O170: Office Supplies | P170: Envelopes | Q170: Small Box | R170: 41413 | S170: =F170/$F$3563 -> 4.8991386e-06 | U170: =IF(T170="Quality Check",VLOOKUP(S170,Quality_Control,2),"") | V170: {=SUM(IF(B170="Y",IF(D170="Critical",(F170:F3729),0)))} -> 0 | W170: =R170-C170 -> 1 | X170: =IF(T170="",0,1) -> 0
A171: 2562 | B171: Y | C171: 42216 | D171: Critical | E171: 28 | F171: 64.82 | G171: 0.02 | H171: Regular | I171: -32.03 | J171: 2.12 | K171: 1.99 | L171: Cindy Chapman | M171: Gwent | N171: Consumer | O171: Technology | P171: Computer Peripherals | Q171: Small Pack | R171: 42219 | S171: =F171/$F$3563 -> 1.0300427e-05 | T171: =IF(B171="Y", "Quality Check","") -> Quality Check | U171: =IF(T171="Quality Check",VLOOKUP(S171,Quality_Control,2),"") -> Low Impact | V171: {=SUM(IF(B171="Y",IF(D171="Critical",(F171:F3730),0)))} -> 12367848 | W171: =R171-C171 -> 3 | X171: =IF(T171="",0,1) -> 1
A172: 2562 | B172: Y | C172: 42216 | D172: Critical | E172: 6 | F172: 77.6 | G172: 0.08 | H172: Regular | I172: -37.07 | J172: 11.34 | K172: 11.25 | L172: Cindy Chapman | M172: Gwent | N172: Consumer | O172: Office Supplies | P172: Paper | Q172: Small Box | R172: 42218 | S172: =F172/$F$3563 -> 1.2331273e-05 | T172: =IF(B172="Y", "Quality Check","") -> Quality Check | U172: =IF(T172="Quality Check",VLOOKUP(S172,Quality_Control,2),"") -> Low Impact | V172: {=SUM(IF(B172="Y",IF(D172="Critical",(F172:F3731),0)))} -> 12367783 | W172: =R172-C172 -> 2 | X172: =IF(T172="",0,1) -> 1
A173: 2562 | B173: Y | C173: 42216 | D173: Critical | E173: 17 | F173: 821.18 | G173: 0.04 | H173: Express | I173: 308.63 | J173: 48.91 | K173: 5.81 | L173: Cindy Chapman | M173: Gwent | N173: Consumer | O173: Office Supplies | P173: Paper | Q173: Small Box | R173: 42217 | S173: =F173/$F$3563 -> 0.0001304922 | T173: =IF(B173="Y", "Quality Check","") -> Quality Check | U173: =IF(T173="Quality Check",VLOOKUP(S173,Quality_Control,2),"") -> Low Impact | V173: {=SUM(IF(B173="Y",IF(D173="Critical",(F173:F3732),0)))} -> 12367705 | W173: =R173-C173 -> 1 | X173: =IF(T173="",0,1) -> 1
A174: 23329 | B174: N | C174: 41634 | D174: Low | E174: 4 | F174: 31.1185 | G174: 0.05 | H174: Regular | I174: -46.9 | J174: 7.99 | K174: 5.03 | L174: Maris LaWare | M174: Gwent | N174: Home Office | O174: Technology | P174: Telephones and Communication | Q174: Medium Box | R174: 41658 | S174: =F174/$F$3563 -> 4.9449836e-06 | U174: =IF(T174="Quality Check",VLOOKUP(S174,Quality_Control,2),"") | V174: {=SUM(IF(B174="Y",IF(D174="Critical",(F174:F3733),0)))} -> 0 | W174: =R174-C174 -> 24 | X174: =IF(T174="",0,1) -> 0
A175: 2563 | B175: N | C175: 41596 | D175: Not Specified | E175: 12 | F175: 31.77 | G175: 0.04 | H175: Regular | I175: 8.34 | J175: 2.61 | K175: 0.5 | L175: Brenda Bowman | M175: Gwent | N175: Small Business | O175: Office Supplies | P175: Labels | Q175: Small Box | R175: 41597 | S175: =F175/$F$3563 -> 5.0485122e-06 | U175: =IF(T175="Quality Check",VLOOKUP(S175,Quality_Control,2),"") | V175: {=SUM(IF(B175="Y",IF(D175="Critical",(F175:F3734),0)))} -> 0 | W175: =R175-C175 -> 1 | X175: =IF(T175="",0,1) -> 0
A176: 26499 | B176: N | C176: 41326 | D176: Medium | E176: 11 | F176: 32.4 | G176: 0.05 | H176: Regular | I176: 8.78 | J176: 2.88 | K176: 0.5 | L176: Sylvia Foulston | M176: South Glamorgan | N176: Corporate | O176: Office Supplies | P176: Labels | Q176: Small Box | R176: 41327 | S176: =F176/$F$3563 -> 5.1486244e-06 | U176: =IF(T176="Quality Check",VLOOKUP(S176,Quality_Control,2),"") | V176: {=SUM(IF(B176="Y",IF(D176="Critical",(F176:F3735),0)))} -> 0 | W176: =R176-C176 -> 1 | X176: =IF(T176="",0,1) -> 0
A177: 4545 | B177: N | C177: 41290 | D177: Not Specified | E177: 4 | F177: 33.1 | G177: 0.06 | H177: Regular | I177: -24.15 | J177: 6.48 | K177: 8.74 | L177: Pauline Chand | M177: Powys | N177: Small Business | O177: Office Supplies | P177: Paper | Q177: Small Box | R177: 41291 | S177: =F177/$F$3563 -> 5.2598601e-06 | U177: =IF(T177="Quality Check",VLOOKUP(S177,Quality_Control,2),"") | V177: {=SUM(IF(B177="Y",IF(D177="Critical",(F177:F3736),0)))} -> 0 | W177: =R177-C177 -> 1 | X177: =IF(T177="",0,1) -> 0
A178: 2626 | B178: N | C178: 41889 | D178: Not Specified | E178: 16 | F178: 48.37 | G178: 0.02 | H178: Regular | I178: 18.02 | J178: 2.88 | K178: 0.5 | L178: Christine Kargatis | M178: Powys | N178: Small Business | O178: Office Supplies | P178: Labels | Q178: Small Box | R178: 41891 | S178: =F178/$F$3563 -> 7.6863877e-06 | U178: =IF(T178="Quality Check",VLOOKUP(S178,Quality_Control,2),"") | V178: {=SUM(IF(B178="Y",IF(D178="Critical",(F178:F3737),0)))} -> 0 | W178: =R178-C178 -> 2 | X178: =IF(T178="",0,1) -> 0
A179: 13410 | B179: Y | C179: 41431 | D179: Not Specified | E179: 4 | F179: 33.64 | G179: 0.07 | H179: Regular | I179: -35.17 | J179: 8.12 | K179: 2.83 | L179: Bobby Odegard | M179: Powys | N179: Corporate | O179: Technology | P179: Computer Peripherals | Q179: Small Pack | R179: 41433 | S179: =F179/$F$3563 -> 5.3456705e-06 | U179: =IF(T179="Quality Check",VLOOKUP(S179,Quality_Control,2),"") | V179: {=SUM(IF(B179="Y",IF(D179="Critical",(F179:F3738),0)))} -> 0 | W179: =R179-C179 -> 2 | X179: =IF(T179="",0,1) -> 0
A180: 3078 | B180: N | C180: 41316 | D180: High | E180: 12 | F180: 33.86 | G180: 0.05 | H180: Regular | I180: 0.35 | J180: 2.88 | K180: 0.7 | L180: Paul Lucas | M180: Gwent | N180: Corporate | O180: Office Supplies | P180: Pens & Art Supplies | Q180: Wrap Bag | R180: 41317 | S180: =F180/$F$3563 -> 5.3806303e-06 | U180: =IF(T180="Quality Check",VLOOKUP(S180,Quality_Control,2),"") | V180: {=SUM(IF(B180="Y",IF(D180="Critical",(F180:F3739),0)))} -> 0 | W180: =R180-C180 -> 1 | X180: =IF(T180="",0,1) -> 0
A181: 2630 | B181: N | C181: 42300 | D181: Low | E181: 31 | F181: 146.51 | G181: 0.04 | H181: Regular | I181: 37.14 | J181: 4.73 | K181: 1.52 | L181: Patrick Ryan | M181: Gwent | N181: Corporate | O181: Office Supplies | P181: Paper | Q181: Wrap Bag | R181: 42300 | S181: =F181/$F$3563 -> 2.3281635e-05 | U181: =IF(T181="Quality Check",VLOOKUP(S181,Quality_Control,2),"") | V181: {=SUM(IF(B181="Y",IF(D181="Critical",(F181:F3740),0)))} -> 0 | W181: =R181-C181 -> 0 | X181: =IF(T181="",0,1) -> 0
A182: 2628 | B182: N | C182: 41568 | D182: Low | E182: 14 | F182: 34.59 | G182: 0.04 | H182: Regular | I182: -60.13 | J182: 2.18 | K182: 5 | L182: Eileen Kiefer | M182: Powys | N182: Consumer | O182: Office Supplies | P182: Scissors, Rulers and Trimmers | Q182: Wrap Bag | R182: 41573 | S182: =F182/$F$3563 -> 5.4966333e-06 | U182: =IF(T182="Quality Check",VLOOKUP(S182,Quality_Control,2),"") | V182: {=SUM(IF(B182="Y",IF(D182="Critical",(F182:F3741),0)))} -> 0 | W182: =R182-C182 -> 5 | X182: =IF(T182="",0,1) -> 0
A183: 13540 | B183: N | C183: 41417 | D183: High | E183: 16 | F183: 34.93 | G183: 0.04 | H183: Regular | I183: -0.05 | J183: 2.18 | K183: 0.78 | L183: Theresa Swint | M183: Gwent | N183: Consumer | O183: Office Supplies | P183: Rubber Bands | Q183: Wrap Bag | R183: 41417 | S183: =F183/$F$3563 -> 5.550662e-06 | U183: =IF(T183="Quality Check",VLOOKUP(S183,Quality_Control,2),"") | V183: {=SUM(IF(B183="Y",IF(D183="Critical",(F183:F3742),0)))} -> 0 | W183: =R183-C183 -> 0 | X183: =IF(T183="",0,1) -> 0
A184: 2657 | B184: N | C184: 41928 | D184: High | E184: 30 | F184: 8316.76 | G184: 0.05 | H184: Delivery Van | I184: 2108.8 | J184: 279.81 | K184: 23.19 | L184: Troy Blackwell | M184: Gwent | N184: Home Office | O184: Office Supplies | P184: Appliances | Q184: Jumbo Drum | R184: 41930 | S184: =F184/$F$3563 -> 0.001321601 | U184: =IF(T184="Quality Check",VLOOKUP(S184,Quality_Control,2),"") | V184: {=SUM(IF(B184="Y",IF(D184="Critical",(F184:F3743),0)))} -> 0 | W184: =R184-C184 -> 2 | X184: =IF(T184="",0,1) -> 0
A185: 2657 | B185: N | C185: 41928 | D185: High | E185: 37 | F185: 2143.2155 | G185: 0.02 | H185: Regular | I185: 464.36 | J185: 65.99 | K185: 8.99 | L185: Troy Blackwell | M185: Gwent | N185: Home Office | O185: Technology | P185: Telephones and Communication | Q185: Small Box | R185: 41929 | S185: =F185/$F$3563 -> 0.00034057443 | U185: =IF(T185="Quality Check",VLOOKUP(S185,Quality_Control,2),"") | V185: {=SUM(IF(B185="Y",IF(D185="Critical",(F185:F3744),0)))} -> 0 | W185: =R185-C185 -> 1 | X185: =IF(T185="",0,1) -> 0
... A314: 41187 | B314: N | C314: 41547 | D314: Low | E314: 9 | F314: 52.93 | G314: 0 | H314: Regular | I314: 5.34 | J314: 5.58 | K314: 0.7 | L314: Edward Nazzal | M314: Powys | N314: Small Business | O314: Office Supplies | P314: Pens & Art Supplies | Q314: Wrap Bag | R314: 41547 | S314: =F314/$F$3563 -> 8.4110089e-06 | U314: =IF(T314="Quality Check",VLOOKUP(S314,Quality_Control,2),"") | V314: {=SUM(IF(B314="Y",IF(D314="Critical",(F314:F3873),0)))} -> 0 | W314: =R314-C314 -> 0 | X314: =IF(T314="",0,1) -> 0
A315: 4230 | B315: Y | C315: 42066 | D315: Critical | E315: 18 | F315: 409.16 | G315: 0.05 | H315: Regular | I315: 21.96 | J315: 22.72 | K315: 8.99 | L315: Tamara Willingham | M315: Gwent | N315: Corporate | O315: Furniture | P315: Office Furnishings | Q315: Small Pack | R315: 42067 | S315: =F315/$F$3563 -> 6.5018863e-05 | T315: =IF(B315="Y", "Quality Check","") -> Quality Check | U315: =IF(T315="Quality Check",VLOOKUP(S315,Quality_Control,2),"") -> Low Impact | V315: {=SUM(IF(B315="Y",IF(D315="Critical",(F315:F3874),0)))} -> 12189518 | W315: =R315-C315 -> 1 | X315: =IF(T315="",0,1) -> 1
A316: 4230 | B316: Y | C316: 42066 | D316: Critical | E316: 46 | F316: 2508.316 | G316: 0.07 | H316: Express | I316: 456.81 | J316: 65.99 | K316: 8.99 | L316: Tamara Willingham | M316: Gwent | N316: Corporate | O316: Technology | P316: Telephones and Communication | Q316: Small Box | R316: 42068 | S316: =F316/$F$3563 -> 0.00039859188 | T316: =IF(B316="Y", "Quality Check","") -> Quality Check | U316: =IF(T316="Quality Check",VLOOKUP(S316,Quality_Control,2),"") -> Low Impact | V316: {=SUM(IF(B316="Y",IF(D316="Critical",(F316:F3875),0)))} -> 12189109 | W316: =R316-C316 -> 2 | X316: =IF(T316="",0,1) -> 1
A317: 4321 | B317: N | C317: 42568 | D317: Medium | E317: 47 | F317: 1505.57 | G317: 0.02 | H317: Express | I317: -54.63 | J317: 30.53 | K317: 19.99 | L317: Pauline Chand | M317: Powys | N317: Corporate | O317: Office Supplies | P317: Labels | Q317: Small Box | R317: 42570 | S317: =F317/$F$3563 -> 0.00023924736 | U317: =IF(T317="Quality Check",VLOOKUP(S317,Quality_Control,2),"") | V317: {=SUM(IF(B317="Y",IF(D317="Critical",(F317:F3876),0)))} -> 0 | W317: =R317-C317 -> 2 | X317: =IF(T317="",0,1) -> 0
A318: 4324 | B318: N | C318: 41836 | D318: Critical | E318: 28 | F318: 1165.33 | G318: 0.04 | H318: Regular | I318: 154.85 | J318: 40.97 | K318: 8.99 | L318: Dan Campbell | M318: Gwent | N318: Small Business | O318: Office Supplies | P318: Pens & Art Supplies | Q318: Small Pack | R318: 41838 | S318: =F318/$F$3563 -> 0.00018518045 | U318: =IF(T318="Quality Check",VLOOKUP(S318,Quality_Control,2),"") | V318: {=SUM(IF(B318="Y",IF(D318="Critical",(F318:F3877),0)))} -> 0 | W318: =R318-C318 -> 2 | X318: =IF(T318="",0,1) -> 0
A319: 4354 | B319: N | C319: 42642 | D319: Not Specified | E319: 6 | F319: 49.04 | G319: 0.02 | H319: Regular | I319: 7.74 | J319: 7.38 | K319: 5.21 | L319: Erin Creighton | M319: Powys | N319: Corporate | O319: Furniture | P319: Office Furnishings | Q319: Small Box | R319: 42643 | S319: =F319/$F$3563 -> 7.7928562e-06 | U319: =IF(T319="Quality Check",VLOOKUP(S319,Quality_Control,2),"") | V319: {=SUM(IF(B319="Y",IF(D319="Critical",(F319:F3878),0)))} -> 0 | W319: =R319-C319 -> 1 | X319: =IF(T319="",0,1) -> 0
A320: 6753 | B320: N | C320: 41543 | D320: Low | E320: 7 | F320: 53.14 | G320: 0.04 | H320: Regular | I320: 14.57 | J320: 6.64 | K320: 4.95 | L320: Robert Barroso | M320: Gwent | N320: Small Business | O320: Furniture | P320: Office Furnishings | Q320: Small Pack | R320: 41545 | S320: =F320/$F$3563 -> 8.4443796e-06 | U320: =IF(T320="Quality Check",VLOOKUP(S320,Quality_Control,2),"") | V320: {=SUM(IF(B320="Y",IF(D320="Critical",(F320:F3879),0)))} -> 0 | W320: =R320-C320 -> 2 | X320: =IF(T320="",0,1) -> 0
A321: 4416 | B321: N | C321: 42184 | D321: Low | E321: 46 | F321: 7441.29 | G321: 0.1 | H321: Regular | I321: 2665.4 | J321: 165.98 | K321: 19.99 | L321: Erica Bern | M321: Dyfed | N321: Corporate | O321: Office Supplies | P321: Binders and Binder Accessories | Q321: Small Box | R321: 42188 | S321: =F321/$F$3563 -> 0.0011824817 | U321: =IF(T321="Quality Check",VLOOKUP(S321,Quality_Control,2),"") | V321: {=SUM(IF(B321="Y",IF(D321="Critical",(F321:F3880),0)))} -> 0 | W321: =R321-C321 -> 4 | X321: =IF(T321="",0,1) -> 0
A322: 4451 | B322: N | C322: 42643 | D322: Critical | E322: 47 | F322: 992.95 | G322: 0.04 | H322: Regular | I322: -65.21 | J322: 21.38 | K322: 8.99 | L322: Tanja Norvell | M322: Gwent | N322: Corporate | O322: Office Supplies | P322: Pens & Art Supplies | Q322: Small Pack | R322: 42643 | S322: =F322/$F$3563 -> 0.00015778786 | U322: =IF(T322="Quality Check",VLOOKUP(S322,Quality_Control,2),"") | V322: {=SUM(IF(B322="Y",IF(D322="Critical",(F322:F3881),0)))} -> 0 | W322: =R322-C322 -> 0 | X322: =IF(T322="",0,1) -> 0
A323: 4454 | B323: N | C323: 42402 | D323: Low | E323: 17 | F323: 55.45 | G323: 0.01 | H323: Regular | I323: 21.42 | J323: 3.08 | K323: 0.5 | L323: Erica Bern | M323: Dyfed | N323: Corporate | O323: Office Supplies | P323: Labels | Q323: Small Box | R323: 42407 | S323: =F323/$F$3563 -> 8.8114575e-06 | U323: =IF(T323="Quality Check",VLOOKUP(S323,Quality_Control,2),"") | V323: {=SUM(IF(B323="Y",IF(D323="Critical",(F323:F3882),0)))} -> 0 | W323: =R323-C323 -> 5 | X323: =IF(T323="",0,1) -> 0
A324: 6720 | B324: N | C324: 41526 | D324: Not Specified | E324: 8 | F324: 53.89 | G324: 0.01 | H324: Regular | I324: 17.63 | J324: 6.3 | K324: 0.5 | L324: Patrick Jones | M324: Dyfed | N324: Home Office | O324: Office Supplies | P324: Labels | Q324: Small Box | R324: 41528 | S324: =F324/$F$3563 -> 8.5635607e-06 | U324: =IF(T324="Quality Check",VLOOKUP(S324,Quality_Control,2),"") | V324: {=SUM(IF(B324="Y",IF(D324="Critical",(F324:F3883),0)))} -> 0 | W324: =R324-C324 -> 2 | X324: =IF(T324="",0,1) -> 0
A325: 4516 | B325: N | C325: 42457 | D325: Medium | E325: 42 | F325: 294.78 | G325: 0.05 | H325: Regular | I325: -113.45 | J325: 6.68 | K325: 6.93 | L325: Ryan Crowe | M325: Gwent | N325: Small Business | O325: Office Supplies | P325: Paper | Q325: Small Box | R325: 42458 | S325: =F325/$F$3563 -> 4.6842947e-05 | U325: =IF(T325="Quality Check",VLOOKUP(S325,Quality_Control,2),"") | V325: {=SUM(IF(B325="Y",IF(D325="Critical",(F325:F3884),0)))} -> 0 | W325: =R325-C325 -> 1 | X325: =IF(T325="",0,1) -> 0
A326: 11780 | B326: N | C326: 41538 | D326: Critical | E326: 7 | F326: 54.23 | G326: 0.08 | H326: Regular | I326: -16.46 | J326: 7.28 | K326: 5.47 | L326: Tom Prescott | M326: Gwent | N326: Small Business | O326: Office Supplies | P326: Paper | Q326: Small Box | R326: 41539 | S326: =F326/$F$3563 -> 8.6175895e-06 | U326: =IF(T326="Quality Check",VLOOKUP(S326,Quality_Control,2),"") | V326: {=SUM(IF(B326="Y",IF(D326="Critical",(F326:F3885),0)))} -> 0 | W326: =R326-C326 -> 1 | X326: =IF(T326="",0,1) -> 0
A327: 21285 | B327: N | C327: 41458 | D327: Medium | E327: 32 | F327: 54.78 | G327: 0.02 | H327: Regular | I327: -30.54 | J327: 1.68 | K327: 1.57 | L327: Adrian Hane | M327: South Glamorgan | N327: Corporate | O327: Office Supplies | P327: Pens & Art Supplies | Q327: Wrap Bag | R327: 41459 | S327: =F327/$F$3563 -> 8.704989e-06 | U327: =IF(T327="Quality Check",VLOOKUP(S327,Quality_Control,2),"") | V327: {=SUM(IF(B327="Y",IF(D327="Critical",(F327:F3886),0)))} -> 0 | W327: =R327-C327 -> 1 | X327: =IF(T327="",0,1) -> 0
A328: 4550 | B328: N | C328: 42732 | D328: High | E328: 32 | F328: 3730.54 | G328: 0.07 | H328: Delivery Van | I328: 1369.09 | J328: 119.99 | K328: 16.8 | L328: Gary Zandusky | M328: Powys | N328: Home Office | O328: Technology | P328: Office Machines | Q328: Jumbo Box | R328: 42734 | S328: =F328/$F$3563 -> 0.00059281325 | U328: =IF(T328="Quality Check",VLOOKUP(S328,Quality_Control,2),"") | V328: {=SUM(IF(B328="Y",IF(D328="Critical",(F328:F3887),0)))} -> 0 | W328: =R328-C328 -> 2 | X328: =IF(T328="",0,1) -> 0
... A359: 4960 | B359: Y | C359: 41695 | D359: Low | E359: 30 | F359: 8363.65 | G359: 0.09 | H359: Delivery Van | I359: 763.33 | J359: 300.98 | K359: 64.73 | L359: Corinna Mitchell | M359: Dyfed | N359: Corporate | O359: Furniture | P359: Chairs & Chairmats | Q359: Jumbo Drum | R359: 41699 | S359: =F359/$F$3563 -> 0.0013290522 | U359: =IF(T359="Quality Check",VLOOKUP(S359,Quality_Control,2),"") | V359: {=SUM(IF(B359="Y",IF(D359="Critical",(F359:F3918),0)))} -> 0 | W359: =R359-C359 -> 4 | X359: =IF(T359="",0,1) -> 0
A360: 12067 | B360: Y | C360: 41309 | D360: Critical | E360: 6 | F360: 58.84 | G360: 0.05 | H360: Regular | I360: 4.29 | J360: 9.48 | K360: 3.72 | L360: Toby Swindell | M360: Gwent | N360: Small Business | O360: Furniture | P360: Office Furnishings | Q360: Small Pack | R360: 41310 | S360: =F360/$F$3563 -> 9.3501561e-06 | T360: =IF(B360="Y", "Quality Check","") -> Quality Check | U360: =IF(T360="Quality Check",VLOOKUP(S360,Quality_Control,2),"") -> Low Impact | V360: {=SUM(IF(B360="Y",IF(D360="Critical",(F360:F3919),0)))} -> 12118835 | W360: =R360-C360 -> 1 | X360: =IF(T360="",0,1) -> 1
...

Sheet Count Returns
A1: Returns | B1: 3240 | C1: N | D1: =COUNTIF('DragonOffice Supplies'!B1:B3561,"N") -> 3240
B2: 320 | C2: Y | D2: =COUNTIF('DragonOffice Supplies'!B2:B3561,"Y") -> 320 | E2: =COUNTIF('DragonOffice Supplies'!B2:B3561,"Y") -> 320
B3: =SUM(B1:B2) -> 3560

Sheet Extract some colums for pivot
A1: Sales | B1: Profit | C1: Product Category | D1: Product Sub-Category
A2: 140.56 | B2: -128.38 | C2: Technology | D2: Computer Peripherals
A3: 3812.73 | B3: 1470.3 | C3: Technology | D3: Computer Peripherals
A4: 51.53 | B4: 0.35 | C4: Office Supplies | D4: Pens & Art Supplies
A5: 1186.06 | B5: 511.69 | C5: Furniture | D5: Office Furnishings
A6: 4158.1235 | B6: 1228.89 | C6: Technology | D6: Telephones and Communication
A7: 75.57 | B7: 28.24 | C7: Office Supplies | D7: Labels
A8: 32.72 | B8: -22.59 | C8: Office Supplies | D8: Paper
A9: 461.89 | B9: -309.82 | C9: Technology | D9: Office Machines
A10: 575.11 | B10: 71.75 | C10: Office Supplies | D10: Paper
A11: 236.46 | B11: -134.31 | C11: Office Supplies | D11: Storage & Organization
A12: 4011.65 | B12: -603.8 | C12: Furniture | D12: Bookcases
A13: 1132.6 | B13: -310.21 | C13: Office Supplies | D13: Storage & Organization
... A3561: 68.03 | B3561: 8.87 | C3561: Office Supplies | D3561: Binders and Binder Accessories

Sheet Discounts offered
D1: How Many | F1: Record
B2: Max Discount | C2: =MAX('DragonOffice Supplies'!G2:G3561) -> 0.21 | D2: 1 | F2: 26567 | G2: N | H2: 42617 | I2: Critical | J2: 22 | K2: 338.52 | L2: 0.21 | M2: Regular | N2: -17.75 | O2: 14.98 | P2: 8.99 | Q2: Sylvia Foulston | R2: South Glamorgan | S2: Corporate | T2: Furniture | U2: Office Furnishings
B3: Min Discount | C3: =MIN('DragonOffice Supplies'!G3:G3562) -> 0 | D3: 295
A5: Inventory Counting Cycle
A6: Count Critical | B6: =COUNTIF('DragonOffice Supplies'!D1:D3561,"Critical") -> 658 | C6: A
A7: High | B7: =COUNTIF('DragonOffice Supplies'!D2:D3562,"High") -> 766 | C7: A
A8: Low | B8: =COUNTIF('DragonOffice Supplies'!D3:D3563,"Low") -> 766 | C8: C
A9: Medium | B9: =COUNTIF('DragonOffice Supplies'!D4:D3564,"Medium") -> 652 | C9: B
A10: Not Specified | B10: =COUNTIF('DragonOffice Supplies'!D5:D3565,"Not Specified") -> 717
B11: =SUM(B6:B10) -> 3559

Sheet Sheet1
A3: Row Labels | B3: Sum of Number Checked | C3: Sum of Order Quantity | D3: Sum of Profit | E3: Sum of Dayspast
A4: Critical
A5: N | B5: 0 | C5: 14778 | D5: 111017.92 | E5: 962
A6: Y | B6: 62 | C6: 1485 | D6: 440.48 | E6: 82
A7: Critical Total | B7: 62 | C7: 16263 | D7: 111458.4 | E7: 1044
A8: High
A9: N | B9: 0 | C9: 18514 | D9: 171830.49 | E9: 997
A10: Y | B10: 0 | C10: 1706 | D10: 25859.17 | E10: 93
A11: High Total | B11: 0 | C11: 20220 | D11: 197689.66 | E11: 1090
A12: Low
A13: N | B13: 0 | C13: 17958 | D13: 172494.79 | E13: -2862
A14: Y | B14: 0 | C14: 2122 | D14: 25107.31 | E14: -2574
A15: Low Total | B15: 0 | C15: 20080 | D15: 197602.1 | E15: -5436
A16: Medium
A17: N | B17: 0 | C17: 15169 | D17: 96981.45 | E17: 922
A18: Y | B18: 0 | C18: 1436 | D18: 23443.97 | E18: 72
A19: Medium Total | B19: 0 | C19: 16605 | D19: 120425.42 | E19: 994
A20: Not Specified
A21: N | B21: 0 | C21: 16494 | D21: 89171.54 | E21: 1004
A22: Y | B22: 0 | C22: 1684 | D22: 6333.08 | E22: 109
A23: Not Specified Total | B23: 0 | C23: 18178 | D23: 95504.62 | E23: 1113
A24: Grand Total | B24: 62 | C24: 91346 | D24: 722680.2 | E24: -1195
